[Event "81st Georgian Women-ch 2024"]
[Site "Tbilisi"]
[Date "2024.02.15"]
[Round "6.2"]
[White "Arabidze, Meri"]
[Black "Lomaia, Diana"]
[Result "1-0"]
[ECO "E49"]
[WhiteElo "2466"]
[BlackElo "2037"]
[Annotator "TA"]
[PlyCount "107"]
[EventDate "2024.02.08"]
[EventType "tourn"]
[EventCountry "GEO"]
[SourceTitle "playchess.com"]
[Source "ChessBase"]
[SourceQuality "1"]
[TimeControl "40/5400+30:1800+30"]

1. d4 Nf6 2. c4 e6 3. Nc3 Bb4 4. e3 c5 5. Bd3 O-O 6. Nge2 d5 7. a3 Bxc3+ 8. bxc3 dxc4 9. Bxc4 Qc7 10. Bd3 b6 11. e4 cxd4 12. cxd4 Bb7 13. f3 {[%emt 0:02:34] White is slightly better.} Nc6 14. Bb2 Rfd8 15. O-O Rac8 16. Rc1 Qe7 17. Qe1 Na5 18. Qh4 {[%emt 0:04:48] [#] e5 is the strong threat.} Nd5 19. Qf2 (19. Qxe7 {simplifies} Nxe7 20. Rxc8 Rxc8 21. Bc3) 19... Nc7 20. Qg3 Nb3 21. Rc3 Na5 (21... Nxd4 $2 22. Nxd4 (22. Rxc7 Qxc7 23. Nxd4 Qxg3 $15) 22... Ne8 (22... Rxd4 $2 23. Rc4 $18) 23. Rxc8 Rxc8 24. Rd1 $18) 22. d5 $40 {[%emt 0:06:56][%cal Oc3c7][%mdl 128] [#] Black must now prevent Rxc7! Black needs to defend precisely.} Ne8 23. Rxc8 Rxc8 24. Nd4 (24. Nf4 {keeps more tension.} Nc4 25. Bxc4 Rxc4 26. Bxg7 Nxg7 27. Nh5) 24... Nc4 $1 25. Bxc4 Rxc4 26. Qb8 Bc8 27. Nc6 Qb7 (27... Qc5+ 28. Kh1 Bd7 (28... exd5 $2 29. exd5 Kf8 30. Re1 $18) 29. Ne5 $16 (29. Nxa7 $2 exd5 30. exd5 Rc2 $19) (29. Qxa7 Bxc6 30. dxc6 f6 $11)) 28. Qg3 (28. Rd1 $14) 28... Rc2 29. Bd4 Rxc6 $2 {[%emt 0:04:43] Black is on the road to losing.} (29... Qd7 $11) 30. dxc6 $18 Qxc6 {[%emt 0:00:01] Black is weak on the dark squares} 31. Qb8 Qd7 32. Bf2 Ba6 33. Rc1 {[%emt 0:00:56] White is more active.} h6 34. h4 Kh7 35. Qe5 Qd2 36. Qa1 Qf4 37. Rd1 Nf6 (37... Qc7 {was worth a try.} 38. a4 Bb7) 38. Qb1 {[%emt 0:01:36] e5+ would now be deadly.} e5 39. Qb3 {[%emt 0:00:46] Prevents Bc4} Be2 (39... Nh5 $142 40. Rd7 Qc1+ 41. Qd1 Qxa3 42. Rxa7 (42. Rxf7 Bd3 $18) 42... Nf4 43. Rxf7 (43. Bxb6 Qb2 $18) 43... Bd3) 40. Re1 Qd2 41. Qxf7 {[%emt 0:02:32] White is clearly winning.} b5 42. Qxa7 Bc4 43. Qe3 Qb2 44. Qc1 Qb3 45. Qa1 Nd7 46. Qd1 Nf6 47. Qxb3 Bxb3 {[%emt 0:00:05][%mdl 4096] Endgame. KRB-KBN} 48. Bg3 Nd7 49. Rc1 Kg6 50. Rc7 Be6 51. Rb7 Kf6 52. Rxb5 g5 53. a4 Bc4 54. Rb7 {[%emt 0:00:09] Weighted Error Value: White=0.12 (very precise) /Black=0.28 (precise) .  Loses game:     	---       	Black=1      Mistake:       	White=1     	Black=3      Inaccurate:     	White=3     	Black=1      OK:         	White=21    	Black=15     Strong:       	---       	Black=1} 1-0

[Event "81st Georgian Women-ch 2024"]
[Site "Tbilisi"]
[Date "2024.02.15"]
[Round "6.3"]
[White "Mgeladze, Kesaria"]
[Black "Kirtadze, Anastasia"]
[Result "1-0"]
[ECO "B22"]
[WhiteElo "2038"]
[BlackElo "1981"]
[Annotator "NA RC"]
[PlyCount "49"]
[EventDate "2024.02.08"]
[EventType "tourn"]
[EventCountry "GEO"]
[SourceTitle "playchess.com"]
[Source "ChessBase"]
[SourceQuality "1"]
[TimeControl "40/5400+30:1800+30"]

1. e4 c5 2. Nf3 e6 3. c3 d5 4. exd5 Qxd5 5. d4 Nf6 6. Na3 a6 7. Nc4 Nbd7 8. Be2 b5 9. Ne3 Qc6 10. a4 Bb7 11. axb5 axb5 12. Rxa8+ Bxa8 13. Qb3 c4 14. Qa2 Nd5 15. Nxd5 Qxd5 16. Nh4 e5 17. O-O e4 18. Nf5 g6 19. Ne3 Qb7 20. b3 f5 21. bxc4 Be7 22. Nd5 Bd8 23. Bh6 Nf6 24. Ra1 Nxd5 25. cxd5 1-0

[Event "81st Georgian Women-ch 2024"]
[Site "Tbilisi"]
[Date "2024.02.15"]
[Round "6.4"]
[White "Donghvani, Nia"]
[Black "Tsetskhladze, Mariam"]
[Result "1/2-1/2"]
[ECO "E16"]
[WhiteElo "2036"]
[BlackElo "1912"]
[Annotator "NA RC"]
[PlyCount "85"]
[EventDate "2024.02.08"]
[EventType "tourn"]
[EventCountry "GEO"]
[SourceTitle "playchess.com"]
[Source "ChessBase"]
[SourceQuality "1"]
[TimeControl "40/5400+30:1800+30"]

1. Nf3 d5 2. g3 b6 3. Bg2 Bb7 4. d4 e6 5. O-O Nf6 6. c4 dxc4 7. Qa4+ Nbd7 8. Nbd2 a6 9. Qxc4 b5 10. Qc2 c5 11. dxc5 Bxc5 12. Nb3 Bb6 13. Bf4 Rc8 14. Qd1 O-O 15. e3 Re8 16. Ne5 Bxg2 17. Kxg2 Nd5 18. Kg1 Nf8 19. Nd3 Ng6 20. Be5 Nxe5 21. Nxe5 Qg5 22. Nf3 Qf6 23. Qe2 Rc4 24. Rac1 Rec8 25. Kg2 h6 26. Rxc4 Rxc4 27. Rc1 Rxc1 28. Nxc1 Qd8 29. Nb3 Qc7 30. Nbd4 Qb7 31. Kg1 Qc8 32. Qc2 Qxc2 33. Nxc2 Kf8 34. Kf1 Ke7 35. Ke2 Kd6 36. e4 Ne7 37. Nfe1 Nc6 38. f4 Nd4+ 39. Nxd4 Bxd4 40. b3 f5 41. Nf3 Bb6 42. Kd3 Bd8 43. Nd4 1/2-1/2

[Event "81st Georgian Women-ch 2024"]
[Site "Tbilisi"]
[Date "2024.02.15"]
[Round "6.5"]
[White "Khotenashvili, Bella"]
[Black "Batsiashvili, Nino"]
[Result "1/2-1/2"]
[ECO "E11"]
[WhiteElo "2467"]
[BlackElo "2451"]
[Annotator "TA"]
[PlyCount "134"]
[EventDate "2024.02.08"]
[EventType "tourn"]
[EventCountry "GEO"]
[SourceTitle "playchess.com"]
[Source "ChessBase"]
[SourceQuality "1"]
[TimeControl "40/5400+30:1800+30"]

1. d4 Nf6 2. c4 e6 3. Nf3 Bb4+ 4. Nbd2 O-O 5. a3 Be7 6. e3 d5 7. b4 a5 8. b5 c6 9. Rb1 Bd7 10. Ne5 dxc4 11. Bxc4 Be8 12. O-O Nd5 13. Qc2 f6 14. Nd3 cxb5 15. Bxb5 Bg6 16. Bc4 Ra7 17. e4 Nc7 18. Nf4 Bf7 19. Nf3 g5 20. Ne2 Bg6 21. Bd3 Nd7 22. Be3 b6 23. Qa2 Qa8 24. Ng3 Rd8 25. Rfc1 Nf8 26. Rxb6 Rb7 27. Rxb7 Qxb7 28. Qc2 Ne8 29. a4 Bb4 30. h4 g4 31. Nd2 Nd6 32. Nb3 Rc8 33. Nc5 Qf7 34. Qd1 h5 35. Na6 Rxc1 36. Qxc1 ({But not} 36. Bxc1 Qb7 37. Qc2 Be8 $18) 36... Qb7 37. Qc7 $2 (37. Nxb4 $18 {and White stays clearly on top.} Qxb4 38. Qc5) 37... Be8 $2 (37... Qxc7 $16 {is more resistant.} 38. Nxc7 Kf7) 38. Qxb7 Nxb7 39. Bc2 (39. Nxb4 $18 axb4 40. Bd2 Bxa4 41. Nxh5 (41. Bxb4 Be8 $18)) 39... Bd6 $16 40. Ne2 Nd7 41. Bb3 Kf7 (41... Bf7 $142) 42. Bf4 (42. f4 $142 {Strongly threatening e5.} gxf3 43. gxf3) 42... Ke7 $16 43. Nc7 Bf7 44. Nb5 Bb4 45. Na7 Nb6 46. Nb5 (46. Nc6+ $16 Kd7 47. Nxb4 axb4 48. Bd2) 46... Be8 (46... Nd7 $11) 47. Nec3 $16 Nd6 48. Nxd6 Bxd6 49. e5 (49. Be3 $14) 49... Bb4 $11 50. exf6+ Kxf6 (50... Kf7 $1 $11 51. Nb5 Bxb5 52. axb5 a4) 51. Bg5+ Kf7 52. Nb5 (52. Bd8 $1 $14) 52... Bxb5 $11 53. axb5 a4 54. Ba2 Nd5 55. g3 Ke8 56. f3 Bc3 57. fxg4 Bxd4+ 58. Kg2 hxg4 59. Bc1 Kd7 60. h5 Kd6 (60... Ne3+ $11 {remains equal.} 61. Kh1 Ke7) 61. Ba3+ (61. h6 $16) 61... Ke5 $1 $11 62. h6 Ne3+ $2 (62... Kf6 $1 $11) 63. Kh2 (63. Kh1 $142 Kf6 64. Bf8) 63... Kf6 {[%emt 0:00:31] [#]} (63... Nf1+ $142 64. Kh1 Kf6 (64... Nxg3+ $2 {too greedy.} 65. Kg2 $18)) 64. Bb1 $2 ({Only move:} 64. Bf8 $1 $18 {[%cal Rf8g7] Bg7+ is the strong threat.} Nf1+ 65. Kg2 Ne3+ 66. Kh1) 64... Nf1+ $11 65. Kg2 Ne3+ 66. Kh2 Nf1+ 67. Kg2 Ne3+ 1/2-1/2

[Event "81st Georgian Women-ch 2024"]
[Site "Tbilisi"]
[Date "2024.02.16"]
[Round "7.1"]
[White "Batsiashvili, Nino"]
[Black "Melia, Salome"]
[Result "1-0"]
[ECO "E21"]
[WhiteElo "2451"]
[BlackElo "2355"]
[Annotator "TA"]
[PlyCount "120"]
[EventDate "2024.02.08"]
[EventType "tourn"]
[EventCountry "GEO"]
[SourceTitle "playchess.com"]
[Source "ChessBase"]
[SourceQuality "1"]
[TimeControl "40/5400+30:1800+30"]

1. d4 Nf6 2. c4 e6 3. Nc3 Bb4 4. Nf3 b6 5. Bd2 Bb7 6. Rc1 {[%emt 0:00:29] E21: Nimzo-Indian: 4 Nf3.} O-O 7. e3 Re8 8. Bd3 c5 9. O-O cxd4 10. exd4 Bf8 11. Re1 d6 12. Bf4 a6 13. Ng5 $146 ({Predecessor:} 13. Bb1 Nbd7 14. Qd3 Rc8 15. Ng5 g6 16. Qh3 Rxc4 17. Rcd1 b5 18. Be4 d5 19. Bb1 {0-1 Unuk,L (2234)-Berger,S (2435) PRO League Stage rapid 2019 (2)}) 13... h6 14. Nge4 Nxe4 15. Nxe4 e5 16. Bd2 Nc6 17. d5 Nd4 18. Bc3 Nf5 (18... g6 $14) 19. g3 Nd4 20. Nd2 g6 21. Bxd4 exd4 22. Rxe8 Qxe8 23. Qg4 Bg7 24. Nf3 Qd8 25. Nxd4 Qg5 26. Qxg5 hxg5 27. Nc6 Bxc6 28. dxc6 Rc8 29. Be4 Bxb2 30. Rc2 Bd4 31. Bd5 Re8 32. h3 (32. c7 Rc8 $11) 32... Kg7 33. Kf1 (33. c7 Rc8 $11) 33... Kf8 {[%emt 0:00:34] [#]} (33... Bf6 $1 $14) 34. Re2 $1 $16 Rc8 35. Kg2 Be5 36. Re3 Rc7 37. Kf3 Bd4 38. Re2 Be5 (38... Bf6 $142) 39. Kg4 $16 f5+ $2 (39... Bf6 $16 40. f4 gxf4) 40. Kxg5 $18 Kg7 41. g4 f4 (41... Bf6+ $142 42. Kf4 fxg4 43. hxg4 g5+ 44. Kf5 b5 45. cxb5 (45. Re8 Bb2 $18) 45... axb5) 42. Rxe5 $18 dxe5 43. h4 Re7 44. h5 e4 45. Kxf4 gxh5 46. gxh5 (46. Bxe4 hxg4 47. Bf5 Rc7 $11) 46... Kf6 47. Bxe4 Re5 48. Bd5 Rf5+ 49. Ke4 Re5+ 50. Kd4 Re7 51. Be4 Ke6 52. h6 Kd6 53. h7 Re8 54. a4 Rh8 55. f4 Rf8 56. Ke3 Kc5 57. Bd5 Re8+ 58. Kf3 Rh8 59. c7 Kd6 60. c8=Q Rxc8 1-0

[Event "81st Georgian Women-ch 2024"]
[Site "Tbilisi"]
[Date "2024.02.16"]
[Round "7.2"]
[White "Tsetskhladze, Mariam"]
[Black "Khotenashvili, Bella"]
[Result "1/2-1/2"]
[ECO "B13"]
[WhiteElo "1912"]
[BlackElo "2467"]
[Annotator "TA"]
[PlyCount "84"]
[EventDate "2024.02.08"]
[EventType "tourn"]
[EventCountry "GEO"]
[SourceTitle "playchess.com"]
[Source "ChessBase"]
[SourceQuality "1"]
[TimeControl "40/5400+30:1800+30"]

1. e4 c6 2. d4 d5 3. exd5 cxd5 4. Bd3 Nc6 5. c3 Qc7 6. h3 e6 7. Nf3 Bd6 8. O-O Nge7 {[%emt 0:00:04] White is slightly better.} 9. Qc2 Bd7 10. b4 Rc8 11. Qd1 (11. Na3 $11) 11... Ng6 (11... O-O $5) 12. a4 Nce7 13. Re1 O-O 14. Bd2 Bf4 15. Ne5 f6 (15... Bxe5 $15 {feels stronger.} 16. dxe5 Nxe5) 16. Nxd7 $11 Qxd7 17. Bxf4 Nxf4 18. Bf1 Nfg6 19. Qg4 f5 20. Qe2 Rf6 21. Qb5 Qc7 22. Nd2 a6 23. Qd3 ({Don't play} 23. Qc5 Qf4 24. Qb6 Qxd2 $17) 23... Qxc3 24. Qxc3 Rxc3 25. Nf3 h6 26. a5 Rb3 27. Rab1 Rxb1 28. Rxb1 Nc6 29. b5 axb5 30. Rxb5 Rf7 31. Rc5 Nce7 (31... Re7 $11) 32. Bb5 Rf8 $1 {[%emt 0:00:26] The position is equal.} 33. Rc7 {[%emt 0:00:30][%cal Oh3h4] [#] And now h4! would win.} Ra8 34. Bd7 Kf7 (34... Rxa5 35. Bxe6+ Kh7 36. g3 $16 (36. Rxb7 Ra1+ 37. Kh2 Ra2 $11)) 35. Rxb7 {[%emt 0:00:16] Black must now prevent Rb6.} Rxa5 36. Rb6 Ra1+ 37. Kh2 Nf8 38. Bxe6+ Nxe6 39. Ne5+ Kf6 {[%emt 0:00:39] [#] ...f4 is the strong threat.} 40. Nd7+ Kf7 41. Ne5+ Kf6 {[%emt 0:14:51] Threatens to win with ...f4.} 42. Nd7+ Kf7 {[%emt 0:18:00] Weighted Error Value: White=0.06 (flawless) /Black=0.09 (flawless) .  Mistake:       	White=1     	Black=2      Inaccurate:     	White=4     	Black=3      OK:         	White=15    	Black=19     Best:        	White=5     	Black=2      Strong:       	---       	Black=1} 1/2-1/2

[Event "81st Georgian Women-ch 2024"]
[Site "Tbilisi"]
[Date "2024.02.16"]
[Round "7.3"]
[White "Kirtadze, Anastasia"]
[Black "Donghvani, Nia"]
[Result "1/2-1/2"]
[ECO "B90"]
[WhiteElo "1981"]
[BlackElo "2036"]
[Annotator "NA COMBH"]
[PlyCount "98"]
[EventDate "2024.02.08"]
[EventType "tourn"]
[EventCountry "GEO"]
[SourceTitle "playchess.com"]
[Source "ChessBase"]
[SourceQuality "1"]
[TimeControl "40/5400+30:1800+30"]

1. e4 c5 2. Nf3 d6 3. d4 cxd4 4. Nxd4 Nf6 5. Nc3 a6 6. Nb3 Nbd7 7. Be3 b5 8. a4 b4 9. Nd5 Bb7 10. Nxf6+ gxf6 11. f3 Qc7 12. Qd2 e6 13. Bd3 d5 14. exd5 Bxd5 15. Be4 Bxe4 16. fxe4 Ne5 17. O-O-O Nc4 18. Qf2 Nxe3 19. Qxe3 Rc8 20. Qd3 Bh6+ 21. Kb1 O-O 22. Qg3+ Kh8 23. Qxc7 Rxc7 24. Rhf1 Kg7 25. Rd6 Rfc8 26. Rf2 Rc6 27. Rd3 Bg5 28. g3 h5 29. h4 Bh6 30. Na5 R6c7 31. Nb3 Rc4 32. Re2 Kf8 33. Na5 R4c5 34. Nb7 Re5 35. Nd6 Rc6 36. b3 Ke7 37. Nc4 Rec5 38. Re1 f5 39. e5 f6 40. exf6+ Kxf6 41. Red1 f4 42. gxf4 Bxf4 43. c3 bxc3 44. Rxc3 Rd5 45. Rf1 Rd4 46. Kc2 e5 47. a5 Rc7 48. Rf2 Rc5 49. Rf1 Rdd5 1/2-1/2

[Event "81st Georgian Women-ch 2024"]
[Site "Tbilisi"]
[Date "2024.02.16"]
[Round "7.4"]
[White "Lomaia, Diana"]
[Black "Mgeladze, Kesaria"]
[Result "1/2-1/2"]
[ECO "D72"]
[WhiteElo "2037"]
[BlackElo "2038"]
[Annotator "NA COMBH"]
[PlyCount "95"]
[EventDate "2024.02.08"]
[EventType "tourn"]
[EventCountry "GEO"]
[SourceTitle "playchess.com"]
[Source "ChessBase"]
[SourceQuality "1"]
[TimeControl "40/5400+30:1800+30"]

1. d4 Nf6 2. c4 g6 3. g3 Bg7 4. Bg2 d5 5. cxd5 Nxd5 6. e4 Nb6 7. d5 c6 8. Nc3 O-O 9. Nge2 cxd5 10. exd5 Na6 11. O-O Nc4 12. b3 Ne5 13. Be3 h5 14. h3 Nc7 15. Nd4 Nd7 16. Rc1 Nf6 17. Qf3 Nfe8 18. Rfd1 Nd6 19. Bf4 Bd7 20. Ne4 Ncb5 21. Nxb5 Bxb5 22. a4 Be8 23. Nxd6 exd6 24. Qe3 b5 25. a5 Bd7 26. Bxd6 Re8 27. Qd2 Bxh3 28. Bc7 Qd7 29. Bxh3 Qxh3 30. Re1 h4 31. Qf4 hxg3 32. Qxg3 Qf5 33. d6 Bh6 34. Rcd1 Rxe1+ 35. Rxe1 Bf8 36. Rd1 Qd7 37. Rd3 Re8 38. Re3 Rxe3 39. fxe3 Qc6 40. Qf4 Qc1+ 41. Kg2 Qd2+ 42. Kh3 Qd1 43. b4 Qh1+ 44. Kg3 Qg1+ 45. Kf3 Qf1+ 46. Kg3 Qg1+ 47. Kf3 Qf1+ 48. Ke4 1/2-1/2

[Event "81st Georgian Women-ch 2024"]
[Site "Tbilisi"]
[Date "2024.02.16"]
[Round "7.5"]
[White "Javakhishvili, Lela"]
[Black "Arabidze, Meri"]
[Result "1-0"]
[ECO "D24"]
[WhiteElo "2433"]
[BlackElo "2466"]
[Annotator "TA"]
[PlyCount "99"]
[EventDate "2024.02.08"]
[EventType "tourn"]
[EventCountry "GEO"]
[SourceTitle "playchess.com"]
[Source "ChessBase"]
[SourceQuality "1"]
[TimeControl "40/5400+30:1800+30"]

1. d4 Nf6 2. c4 e6 3. Nf3 d5 4. Nc3 dxc4 5. e4 b5 6. e5 Nd5 7. Nxb5 Nb6 8. Be2 {[%emt 0:00:22] White is slightly better.} Nc6 9. Be3 Be7 10. O-O O-O 11. Nc3 Bb7 12. Na4 Ba6 13. a3 Na5 14. Nd2 {[%emt 0:03:03] Wards off Nb3} ({Much worse is} 14. Nc5 Bxc5 15. dxc5 Qxd1 16. Raxd1 (16. Rfxd1 Na4 $15) 16... Na4 $11) (14. Qc2 {is more complex.} Nb3 15. Rab1 Rb8 16. Nc5) 14... Qd7 15. Nc3 Bb7 16. Qc2 f5 (16... Rfd8 $11 {feels stronger.}) 17. exf6 $14 gxf6 {[%emt 0:04:01] White leaves nothing to chance now.} 18. Bf3 Bxf3 19. Nxf3 Kh8 20. Rfe1 Rg8 21. Bf4 Bd6 22. Bg3 Bxg3 23. hxg3 Rae8 24. Re2 Nc6 25. Qe4 e5 26. dxe5 Nxe5 27. Qf4 Ng4 (27... Nxf3+ $16 28. gxf3 (28. Qxf3 Rxe2 29. Qxe2 Qe8 $16) 28... Rxe2 29. Nxe2 (29. Qxf6+ Qg7 $18) 29... Qd6) 28. Rxe8 $18 Rxe8 29. Rd1 {[%emt 0:07:04] Prevents c6} Qg7 30. Nb5 Ne5 (30... Na4 $16) 31. Nxe5 ({Don't take} 31. Nxa7 $6 c6 $16) 31... fxe5 32. Qe4 a6 33. Qc6 Rc8 34. Nc3 Qe7 35. Ne4 Rd8 36. Rxd8+ Qxd8 {[%emt 0:00:04][%mdl 4096] Endgame. KQN-KQN} 37. Kh2 Kg7 38. Qc5 Nd5 39. Qxc4 a5 40. Qb5 {[%emt 0:00:00] Dodges Qd7} Kg6 41. Qxa5 {[%emt 0:06:43] White is clearly winning.} Kf5 42. Qa4 h5 43. Qc2 Ke6 44. Nc5+ Kf6 45. Qh7 Qe8 46. a4 Ne7 47. b4 Nf5 48. Qxc7 {[%emt 0:01:28] [#] Hoping for Ne4+.} h4 49. g4 Nd4 50. Nd7+ {[%emt 0:00:52] Weighted Error Value: White=0.09 (flawless) /Black=0.26 (precise) .  Mistake:       	---       	Black=3      Inaccurate:     	White=1     	Black=5      OK:         	White=17    	Black=11     Best:        	White=3     	---} 1-0

[Event "81st Georgian Women-ch 2024"]
[Site "Tbilisi"]
[Date "2024.02.17"]
[Round "8.1"]
[White "Melia, Salome"]
[Black "Arabidze, Meri"]
[Result "0-1"]
[ECO "C76"]
[WhiteElo "2355"]
[BlackElo "2466"]
[Annotator "RC"]
[PlyCount "180"]
[EventDate "2024.02.08"]
[EventType "tourn"]
[EventCountry "GEO"]
[SourceTitle "playchess.com"]
[Source "ChessBase"]
[SourceQuality "1"]
[TimeControl "40/5400+30:1800+30"]

1. e4 e5 2. Nf3 Nc6 3. Bb5 a6 4. Ba4 Nf6 5. O-O d6 6. c3 Bd7 7. Re1 g6 8. d4 b5 9. Bc2 Bg7 10. h3 O-O 11. Nbd2 a5 12. d5 Ne7 13. a4 c6 14. dxc6 Bxc6 15. axb5 Bxb5 16. c4 Ba6 17. b3 Nd7 18. Nb1 Nc5 19. Nc3 Nc6 20. Nd5 h6 21. Bb2 Rb8 22. Bc3 Bc8 23. Ra3 f5 24. exf5 gxf5 25. Nh2 Rf7 26. Qd2 Be6 27. Nf1 Qg5 28. f4 Qd8 29. Re3 Qh4 30. Rg3 Ne4 31. Bxe4 fxe4 32. Qe1 Kh8 33. Qxe4 Rg8 34. Ra2 Bf5 35. Qe1 Qh5 36. fxe5 dxe5 37. Rf2 Rgf8 38. Nfe3 Bd3 39. Ng4 Rxf2 40. Nxf2 Bc2 41. Nd3 Qd1 42. Qxd1 Bxd1 43. Nc5 Rf7 44. Rd3 Bc2 45. Rd2 Bf8 46. Rxc2 Bxc5+ 47. Kh2 Bd4 48. Ra2 Rb7 49. Bxa5 Nxa5 50. Rxa5 Rxb3 51. Ra6 Kh7 52. Nf6+ Kg7 53. Ne4 Rb1 54. Kg3 Rf1 55. Rc6 h5 56. Rc7+ Kg6 57. Rc6+ Kg7 58. Nd2 Rf4 59. Nf3 h4+ 60. Kh2 Bf2 61. Rc7+ Kf6 62. Rc6+ Ke7 63. Ng5 Kd7 64. Ra6 Rxc4 65. Ra1 e4 66. Rf1 e3 67. Nf3 Ke6 68. Kh1 Kf5 69. Rd1 e2 70. Rb1 Kf4 71. Kh2 Re4 72. Ra1 e1=Q 73. Nxe1 Bxe1 74. Kg1 Bg3 75. Kf1 Kg5 76. Rb1 Rf4+ 77. Kg1 Bf2+ 78. Kh2 Re4 79. Rf1 Re2 80. Rb1 Kf4 81. Rb4+ Re4 82. Rb1 Re1 83. Rxe1 Bxe1 84. Kg1 Bg3 85. Kf1 Ke3 86. Kg1 Ke2 87. Kh1 Be5 88. Kg1 Bd4+ 89. Kh2 Kf2 90. Kh1 Be5 0-1

[Event "81st Georgian Women-ch 2024"]
[Site "Tbilisi"]
[Date "2024.02.17"]
[Round "8.2"]
[White "Mgeladze, Kesaria"]
[Black "Javakhishvili, Lela"]
[Result "0-1"]
[ECO "B06"]
[WhiteElo "2038"]
[BlackElo "2433"]
[Annotator "TA"]
[PlyCount "88"]
[EventDate "2024.02.08"]
[EventType "tourn"]
[EventCountry "GEO"]
[SourceTitle "playchess.com"]
[Source "ChessBase"]
[SourceQuality "1"]
[TimeControl "40/5400+30:1800+30"]

1. e4 g6 2. d4 Bg7 3. Nc3 a6 4. Be3 d6 5. Qd2 b5 6. O-O-O Nd7 7. h4 h5 $1 8. Nh3 Nb6 9. Bd3 {[%emt 0:03:14] White is slightly better.} Nf6 10. f3 {[%emt 0:01:39] Prevents Ng4.} Bxh3 11. Rxh3 Nfd7 12. Qf2 (12. f4 $14) 12... Qc8 13. f4 b4 14. Nd5 Nxd5 15. exd5 {[%emt 0:00:05] [#] Strongly threatening f5.} Nf6 16. f5 (16. Kb1 $14) 16... Ng4 $11 17. Qe2 {[%emt 0:00:30] aiming for Bg5.} gxf5 (17... Nxe3 $11 18. Rxe3 Bh6) 18. Bg5 (18. Bd2 $14) 18... O-O $1 19. Rf3 (19. Qxe7 $2 Re8 (19... Bxd4 20. Qe2 $14) 20. Re1 Rxe7 $19) 19... e6 20. Bc4 Re8 21. dxe6 fxe6 22. Bb3 {[%emt 0:05:18] This pair of bishops is nice.} (22. Rxf5 $2 d5 $19) 22... d5 23. Bf4 (23. Ba4 $11) 23... c5 24. Ba4 Bxd4 25. Bxe8 Qxe8 26. Rg3 ({White should play} 26. Re1 $1 $15 Kf7 (26... e5 27. c3 $16) 27. Be3) 26... Kf7 $17 27. Rxd4 $2 {[%emt 0:04:24] White does not recover from this.} cxd4 $19 28. Be5 Qe7 29. Bxd4 Qxh4 30. Rh3 Qg5+ 31. Kb1 Re8 32. Rh1 (32. Rf3 $142) 32... Qf4 33. Bc5 (33. Bb6 $142) 33... Rc8 34. Rf1 Qc4 ({Less strong is} 34... Qe4 35. Qxa6 Rd8 (35... Rxc5 36. Qa7+ Kg6 37. Qxc5 $11) (35... Qxg2 $2 36. Rg1 $18) 36. Qb6 $15) 35. Qxc4 dxc4 36. Bxb4 {[%emt 0:00:04][%mdl 4096] Endgame. KRB-KRN} Ne3 37. Rh1 Rg8 ({Don't do} 37... Nxg2 38. Rxh5 Ne3 39. Kc1 $19) 38. Bd2 Nd5 ({Resist} 38... Nxg2 39. Rxh5 f4 40. Kc1 $19) 39. Rh2 Rg4 40. Rxh5 $2 (40. c3) 40... Rxg2 {[%emt 0:00:00] Black is clearly winning.} 41. Bc1 Rg1 42. c3 Nf4 43. Rh7+ Kg8 {[%emt 0:00:25][%cal Of4d3] [#] ( -> ...Nd3!)} 44. Rc7 Nd3 {[%emt 0:00:35] Weighted Error Value: White=0.44/Black=0.15 (very precise) .  Loses game:     	White=1     	---        Mistake:       	White=8     	Black=1      Inaccurate:     	White=1     	Black=3      OK:         	White=13    	Black=11     Best:        	---       	Black=5      Strong:       	---       	Black=2} 0-1

[Event "81st Georgian Women-ch 2024"]
[Site "Tbilisi"]
[Date "2024.02.17"]
[Round "8.3"]
[White "Donghvani, Nia"]
[Black "Lomaia, Diana"]
[Result "0-1"]
[ECO "E15"]
[WhiteElo "2036"]
[BlackElo "2037"]
[Annotator "NA RC"]
[PlyCount "86"]
[EventDate "2024.02.08"]
[EventType "tourn"]
[EventCountry "GEO"]
[SourceTitle "playchess.com"]
[Source "ChessBase"]
[SourceQuality "1"]
[TimeControl "40/5400+30:1800+30"]

1. d4 Nf6 2. c4 e6 3. Nf3 b6 4. g3 Ba6 5. Qc2 Bb7 6. Bg2 c5 7. dxc5 Bxc5 8. O-O {[%emt 0:00:06] E15: Queen's Indian: 4 g3 sidelines, 4 g3 Ba6 and 4 g3 Bb7 early deviations.} O-O 9. a3 a5 10. Nc3 d5 11. cxd5 exd5 12. Bf4 Qe7 13. Rad1 Rd8 14. Nd4 Bxd4 15. Rxd4 Nc6 16. Rd2 d4 17. Na4 d3 18. exd3 Nd4 19. Qc7 Rd7 20. Qxb6 Bxg2 21. Kxg2 Rc8 22. Nc3 h5 23. Qxa5 Nb3 $14 24. Qa6 Qd8 25. Rdd1 Nc5 26. Qb5 Nxd3 27. Bg5 Rc5 28. Bxf6 Qa8+ 29. f3 Rxb5 30. Nxb5 gxf6 31. Nc3 Qc6 32. Ne4 f5 33. Nf2 Ne5 34. Rxd7 Qxf3+ 35. Kg1 Nxd7 36. Nh3 Qe3+ 37. Kg2 Ne5 38. Nf4 Ng4 39. Kh3 Qd2 40. Kh4 Nxh2 41. Rh1 Nf3+ 42. Kxh5 Qd8 43. Nh3 Qf6 0-1